 Dungeon Crawl Stone Soup version 0.29.1-2-gbd0b4ee654 (webtiles) character file.

Game seed: 1257850744538679357

308 RUZZLEFAZAZZLE the Magician (level 6, 0/44 HPs)
             Began as a Gnoll Hedge Wizard on Nov 28, 2022.
             Was an Initiate of Dithmenos.
             Slain by Edmund
             ... wielding a +5 dire flail of protection
              (13 damage)
             ... on level 4 of the Dungeon.
             The game lasted 00:26:41 (4677 turns).

RUZZLEFAZAZZLE the Magician (Gnoll Hedge Wizard)    Turns: 4677, Time: 00:26:42

Health: 0/44       AC:  7    Str: 16    XL:     6   Next: 40%
Magic:  9/16       EV: 13    Int: 15    God:    Dithmenos [......]
Gold:   231        SH:  0    Dex: 11    Spells: 14/19 levels left

rFire   . . .      SeeInvis .   g - +1 dagger (venom)
rCold   . . .      Faith    .   (no shield)
rNeg    + . .      Spirit   .   b - +0 robe
rPois   .          Reflect  .   c - +0 hat
rElec   .          Harm     .   l - +0 cloak
rCorr   .          Rampage  .   e - +0 pair of gloves
Will    .....                   i - +2 pair of boots
Stlth   +++.......              (no amulet)
HPRegen 0.14/turn               h - +6 ring of strength
MPRegen 0.15/turn               t - ring of positive energy

@: no status effects
A: fangs 1, strong nose, distributed training
a: Renounce Religion


You were on level 4 of the Dungeon.
You worshipped Dithmenos.
Dithmenos was noncommittal.
You visited 2 branches of the dungeon, and saw 5 of its levels.

You collected 231 gold pieces.

Inventory:

Hand Weapons
 g - a +1 dagger of venom (weapon)
 k - a +2 quarterstaff of chaos
Armour
 b - a +0 robe (worn)
 c - a +0 hat (worn)
 e - a +0 pair of gloves (worn)
 i - a +2 pair of boots (worn)
 l - a +0 cloak (worn)
Jewellery
 h - a +6 ring of strength (left hand)
 t - a ring of positive energy (right hand)
Wands
 a - a wand of flame (7)
Scrolls
 f - a scroll of poison
 o - a scroll of teleportation
 q - 2 scrolls of blinking
Potions
 d - a potion of magic
 j - 2 potions of curing {unknown}
 m - a potion of cancellation {unknown}
 p - a potion of heal wounds {unknown}
 r - 2 potions of resistance
 s - a potion of flight


   Skills:
 + Level 2.0 Fighting
 + Level 2.0 Short Blades
 + Level 2.0 Long Blades
 + Level 2.0 Axes
 + Level 2.0 Maces & Flails
 + Level 2.0 Polearms
 + Level 2.0 Staves
 + Level 2.0 Ranged Weapons
 + Level 2.0 Throwing
 + Level 2.0 Armour
 + Level 5.0 Dodging
 + Level 4.6 Stealth
 + Level 2.0 Shields
 + Level 2.0 Unarmed Combat
 + Level 7.4 Spellcasting
 + Level 2.6 Conjurations
 + Level 1.6 Hexes
 + Level 2.6 Summonings
 + Level 1.6 Necromancy
 + Level 2.6 Translocations
 + Level 1.6 Transmutations
 + Level 1.6 Fire Magic
 + Level 1.6 Ice Magic
 + Level 1.6 Air Magic
 + Level 1.6 Earth Magic
 + Level 1.6 Poison Magic
 + Level 2.2 Invocations
 + Level 2.0 Evocations


You had 14 spell levels left.
You knew the following spells:

 Your Spells              Type           Power      Damage    Failure   Level
a - Magic Dart            Conj           52%        1d5       4%          1
c - Call Imp              Summ           13%        N/A       6%          2
d - Searing Ray           Conj           26%        2d5       6%          2

Your spell library contained the following spells:

 Spells                   Type           Power      Damage    Failure   Level
 Summon Small Mammal      Summ           52%        N/A       4%          1
 Blink                    Tloc           26%        N/A       6%          2
 Slow                     Hex            40%        N/A       7%          1
 Call Canine Familiar     Summ           13%        N/A       13%         3
 Conjure Flame            Conj/Fire      12%        6-21      16%         3
 Portal Projectile        Hex/Tloc       24%        N/A       16%         3
 Summon Guardian Golem    Hex/Summ       12%        N/A       16%         3
 Mephitic Cloud           Conj/Pois/Air  11%        N/A       17%         3
 Ignite Poison            Fire/Tmut/Pois 10%        N/A       21%         3
 Fulminant Prism          Conj/Hex       6%         3d7       45%         4
 Sticky Flame             Conj/Fire      12%        2d4       45%         4
 Leda's Liquefaction      Hex/Erth       5%         N/A       54%         4
 Manifold Assault         Tloc           13%        N/A       75%         5
 Storm Form               Tmut/Air       5%         N/A       100%        7


Dungeon Overview and Level Annotations

Branches:
Dungeon (4/15)             Temple (1/1) D:4

Altars:
Cheibriados
Dithmenos
Elyvilon
Fedhas
Gozag
Kikubaaqudgha
Makhleb
Nemelex Xobeh
Okawaru
Trog
Uskayaw
Vehumet
Xom
Yredelemnul
Zin
The Shining One

Annotations:
D:3 exclusion: statue
D:4 Edmund


Innate Abilities, Weirdness & Mutations

You have very sharp teeth.
Your uncanny sense of smell can sniff out nearby items.
Your experience applies equally to all skills.


Message History

There is an open door here.
Your crimson imp blinks!
Okay, then.
You can't go down here!
Okay, then.
Aiming: Searing Ray (safe; 6% risk of failure)
Press: ? - help, Q - select action, (/) - cycle Shift-Dir - straight line, f - Edmund
Aim: Edmund, wielding a +5 dire flail of protection and wearing a +0 chain mail (ally target, 82% to hit)
The searing ray hits Edmund but does no damage. (Press . to maintain the ray.) Edmund misses you.
Your crimson imp blinks!
The searing ray hits Edmund but does no damage.
Edmund completely misses you.
The searing ray hits Edmund.
Edmund is lightly wounded.
Edmund closely misses you.
Your crimson imp hits Edmund but does no damage.
The searing ray hits Edmund but does no damage.
Edmund is lightly wounded.
You finish channelling your searing ray.
Edmund hits you with a +5 dire flail of protection.
Your crimson imp hits Edmund but does no damage.
Edmund barely misses you.
Your crimson imp hits Edmund but does no damage.
Edmund hits you with a +5 dire flail of protection!
Your crimson imp blinks!
Edmund hits you with a +5 dire flail of protection!
Aiming: Searing Ray (safe; 6% risk of failure)
Press: ? - help, Q - select action, (/) - cycle Shift-Dir - straight line, f/p - Edmund
Aim: Edmund, wielding a +5 dire flail of protection and wearing a +0 chain mail (lightly wounded, ally target, 82% to hit)
The searing ray hits Edmund but does no damage.
Edmund is lightly wounded. (Press . to maintain the ray.) Edmund hits you with a +5 dire flail of protection!
* * * LOW HITPOINT WARNING * * *
Edmund clears his throat.
Edmund attacks as you move away!
Edmund hits you with a +5 dire flail of protection!
You die...

##### ##### ##### .....
....# #.... ..... ....#
#.... .... ....# #....
..####....# #....
#####........# #....
#...#..5.....# #....
#...'..@@....#######....
#...#....####.......####
#...#....#..#.......'..#
#...#....+..+.......#..#
#...#....#..#.......#..#
#...#....#..##+######..#
#...#....#.........#....
#...#....+.........#....
#..##....#'###+##..####'


You could see Edmund (ally target) and a friendly crimson imp (summoned).

Vanquished Creatures
  2 orc priests
  A hound (D:4)
  Crazy Yiuf (D:4)
  An orc wizard (D:4)
  4 gnolls (D:4)
  3 adders
  4 dart slugs
  6 orcs
  6 ball pythons
  5 endoplasms
  7 goblins
  8 hobgoblins
  4 quokkas
  5 bats
  A frilled lizard (D:1)
  5 kobolds
  9 rats
72 creatures vanquished.

Vanquished Creatures (collateral kills)
  2 worms (D:2)
  5 orcs
  2 hobgoblins (D:2)
  A kobold (D:4)
  A rat (D:2)
11 creatures vanquished.

Grand Total: 83 creatures vanquished

Notes
Turn   | Place    | Note
-------+----------+-------------------------------------------
     0 | D:1      | RUZZLEFAZAZZLE the Gnoll Hedge Wizard began the quest for
                  | the Orb.
     0 | D:1      | Reached XP level 1. HP: 13/13 MP: 8/8
   462 | D:1      | Reached XP level 2. HP: 19/19 MP: 3/10
   701 | D:1      | You fall into a shaft and drop 1 floor!
   701 | D:2      | Found a bloodstained altar of Trog.
  1039 | D:1      | Learned a level 1 spell: Summon Small Mammal
  1104 | D:1      | Learned a level 2 spell: Call Imp
  1666 | D:2      | Reached XP level 3. HP: 19/25 MP: 2/11
  1776 | D:2      | Reached skill level 1 in Invocations
  2074 | D:2      | Reached skill level 1 in Fighting
  2074 | D:2      | Reached skill level 1 in Short Blades
  2074 | D:2      | Reached skill level 1 in Long Blades
  2074 | D:2      | Reached skill level 1 in Axes
  2074 | D:2      | Reached skill level 1 in Maces & Flails
  2074 | D:2      | Reached skill level 1 in Polearms
  2074 | D:2      | Reached skill level 1 in Staves
  2074 | D:2      | Reached skill level 1 in Ranged Weapons
  2074 | D:2      | Reached skill level 1 in Throwing
  2074 | D:2      | Reached skill level 1 in Armour
  2074 | D:2      | Reached skill level 1 in Shields
  2074 | D:2      | Reached skill level 1 in Unarmed Combat
  2074 | D:2      | Reached skill level 1 in Evocations
  2090 | D:2      | Learned a level 2 spell: Searing Ray
  2246 | D:2      | Found a faded altar of an unknown god.
  2455 | D:3      | Reached XP level 4. HP: 32/32 MP: 13/13
  2659 | D:3      | Reached skill level 1 in Hexes
  2659 | D:3      | Reached skill level 1 in Necromancy
  2659 | D:3      | Reached skill level 1 in Transmutations
  2659 | D:3      | Reached skill level 1 in Fire Magic
  2659 | D:3      | Reached skill level 1 in Ice Magic
  2659 | D:3      | Reached skill level 1 in Air Magic
  2659 | D:3      | Reached skill level 1 in Earth Magic
  2659 | D:3      | Reached skill level 1 in Poison Magic
  2745 | D:3      | Reached XP level 5. HP: 32/37 MP: 6/14
  2842 | D:3      | Found a radiant altar of Vehumet.
  2842 | D:3      | Noticed a charred statue
  3259 | D:4      | Found a staircase to the Ecumenical Temple.
  3270 | Temple   | Entered the Ecumenical Temple
  3303 | Temple   | Became a worshipper of Dithmenos the Shadowed
  3671 | D:4      | Found a runed translucent door.
  3675 | D:4      | Noticed Crazy Yiuf
  3685 | D:4      | Killed Crazy Yiuf
  4069 | D:4      | Reached XP level 6. HP: 28/44 MP: 14/16
  4079 | D:4      | Reached skill level 5 in Dodging
  4661 | D:4      | Noticed Edmund
  4677 | D:4      | Slain by Edmund

Illustrated notes

Levels and vault maps discovered:
D:1:      lemuel_arrival_funnel, layout_basic, minmay_misc_feat_rugged
D:2:      minmay_wonky_spiral, layout_loops_ring,
          hellmonk_ecumenical_altar_crossroads, basic_altar,
          minmay_misc_feat_diagonals, minmay_octomino_c4
D:3:      layout_basic, vehumet_statue, serial_glass, glass_columns_c,
          glass_columns_b, nicolae_underground_beach
D:4:      layout_gridville, minmay_temple_entry_ruins, minmay_misc_feat_roman,
          uniq_edmund, uniq_crazy_yiuf_cottage
Temple:   hellmonk_temple_two_chambers

Skill      XL: |  1  2  3  4  5  6 |
---------------+-------------------+-----
Conjurations   | 2 |  2.6
Summonings     | 2 |  2.6
Translocations | 2 |  2.6
Invocations    | 1 2 |  2.2
Fighting       | 1 2 |  2.0
Short Blades   | 1 2 |  2.0
Long Blades    | 1 2 |  2.0
Axes           | 1 2 |  2.0
Maces & Flails | 1 2 |  2.0
Polearms       | 1 2 |  2.0
Staves         | 1 2 |  2.0
Ranged Weapons | 1 2 |  2.0
Throwing       | 1 2 |  2.0
Armour         | 1 2 |  2.0
Shields        | 1 2 |  2.0
Unarmed Combat | 1 2 |  2.0
Evocations     | 1 2 |  2.0
Hexes          | 1 |  1.6
Necromancy     | 1 |  1.6
Transmutations | 1 |  1.6
Fire Magic     | 1 |  1.6
Ice Magic      | 1 |  1.6
Air Magic      | 1 |  1.6
Earth Magic    | 1 |  1.6
Poison Magic   | 1 |  1.6
Dodging        | 5 |  5.0
Stealth        | |  4.6
Spellcasting   | |  7.4

Action                   |  1- 3 |  4- 6 || total
-------------------------+-------+-------++-------
Melee: Dagger            |    86 |    46 ||   132
       Bite              |     9 |     6 ||    15
       Punch             |       |     1 ||     1
 Cast: Magic Dart        |    46 |    17 ||    63
       Call Imp          |     6 |     6 ||    12
       Summon Small Mamm |     6 |     5 ||    11
       Searing Ray       |     1 |    19 ||    20
Evoke: Wand              |       |    11 ||    11
  Use: Potion            |     1 |     2 ||     3
       Scroll            |    11 |     5 ||    16
 Stab: Sleeping          |     8 |     1 ||     9
       Distracted        |       |     1 ||     1
Armor: Robe              |    36 |    14 ||    50
Dodge: Dodged            |    61 |    18 ||    79
